 Dungeon Crawl Stone Soup version 0.18.1-2-ga659475 (webtiles) character file.

242 Hipnos the Covert (level 6, -2/40 HPs)
             Began as an Octopode Assassin on May 8, 2016.
             Slain by a gnoll
             ... wielding a +0 flail
              (14 damage)
             ... on level 5 of the Dungeon.
             The game lasted 00:07:14 (2685 turns).

Hipnos the Covert (Octopode Assassin)               Turns: 2685, Time: 00:07:14

Health: -2/40      AC:  1    Str: 12    XL:     6   Next: 9%
Magic:  6/6        EV: 12    Int: 14    God:
Gold:   146        SH:  0    Dex: 13    Spells: 0 memorised, 5 levels left

rFire  . . .     SeeInvis .     a - +2 dagger
rCold  . . .     Gourm    .     (no shield)
rNeg   . . .     Faith    .     (helmet restricted)
rPois  .         Spirit   .     (no amulet)
rElec  .         Dismiss  .     (no ring)
rCorr  .         Reflect  .     (no ring)
SustAt .         Harm     .     (no ring)
MR     .....                    (no ring)
Stlth  ++++++....               (no ring)
                                (no ring)
                                (no ring)
                                (no ring)

@: not resistant to hostile enchantments, very stealthy
A: almost no armour, amphibious, 8 rings, constrict 8, camouflage 1, gelatinous
body 1
a: no special abilities


You were on level 5 of the Dungeon.
You were not hungry.

You visited 1 branch of the dungeon, and saw 5 of its levels.

You collected 146 gold pieces.

Inventory:

Hand Weapons
 a - a +2 dagger (weapon)
 b - a +0 blowgun
Missiles
 c - 40 poisoned needles
 d - 2 curare-tipped needles
Scrolls
 g - 2 scrolls of remove curse
 h - a scroll of blinking
 k - 2 scrolls of fear
 l - a scroll of random uselessness
 n - a scroll of noise {unknown}
 o - a scroll of amnesia {unknown}
 q - a scroll of teleportation {unknown}
Potions
 e - a potion of lignification {unknown}
 i - a potion of flight {unknown}
 j - a potion of cancellation {unknown}
 m - 2 potions of ambrosia {unknown}
 r - a potion of curing {unknown}
 s - a potion of heal wounds {unknown}
 t - a potion of might {unknown}
Comestibles
 f - 3 bread rations


   Skills:
 + Level 2.3 Fighting
 + Level 2.4 Short Blades
 + Level 2.2 Throwing
 + Level 1.9 Dodging
 + Level 9.0 Stealth


You had 5 spell levels left.
You didn't know any spells.

Dungeon Overview and Level Annotations

Branches:
Dungeon (5/15)
 Temple: D:4-7

Altars:
Elyvilon
Qazlal


Innate Abilities, Weirdness & Mutations

You cannot wear most types of armour.
You are amphibious.
You can wear up to eight rings at the same time.
You can use your tentacles to constrict eight enemies at once.
Your skin changes colour to match your surroundings (Stealth).
Your rubbery body absorbs attacks (AC +1).


Message History

The gnoll closely misses you.
You hit the gnoll.
The gnoll is heavily wounded.
You constrict the gnoll. You hit the gnoll. You squeeze the gnoll.
You kill the gnoll!
Your Stealth skill increases to level 9!
The gnoll barely misses you.
You see here a gnoll corpse.
You closely miss the gnoll. Your grab misses the gnoll.
The gnoll hits you with a flail!
You hit the gnoll. Your grab misses the gnoll.
The gnoll is moderately wounded.
The gnoll hits you with a flail.
* * * LOW HITPOINT WARNING * * *
You closely miss the gnoll. You grab the gnoll.
The gnoll is moderately wounded.
You constrict the gnoll, but do no damage.
The gnoll hits you with a flail!
You die...

#...#.#
#...#.#
#...#.#
#...#.#
###...# #
##).# #.. #..#
#....####.>###
#....lg@...).#
####.#######.#
#.. #.# #..
#.# #..####.#
#....##.#
#....##.#
#....##.#
#(...##.#


You could see a gnoll and a giant newt.

Vanquished Creatures
  A centaur (D:5)
  A centaur zombie (D:4)
  A hound (D:4)
  2 gnolls (D:5)
  2 adders
  An ooze (D:1)
  A worm (D:4)
  A dart slug (D:1)
  2 giant geckos
  6 bats
  3 giant cockroaches
  2 goblins
  10 hobgoblins
  10 jackals
  A quokka (D:2)
  A giant newt (D:4)
  3 kobolds
  3 rats
51 creatures vanquished.

Notes
Turn   | Place    | Note
--------------------------------------------------------------
     0 | D:1      | Hipnos the Octopode Assassin began the quest for the Orb.
     0 | D:1      | Reached XP level 1. HP: 14/14 MP: 1/1
   111 | D:1      | Reached XP level 2. HP: 11/19 MP: 2/2
   160 | D:1      | Reached skill level 6 in Stealth
   415 | D:1      | Reached XP level 3. HP: 19/24 MP: 3/3
   686 | D:2      | Reached skill level 7 in Stealth
   686 | D:2      | Reached XP level 4. HP: 24/29 MP: 4/4
  1651 | D:4      | Found a stormy altar of Qazlal.
  1664 | D:4      | Found a white marble altar of Elyvilon.
  2050 | D:4      | Reached skill level 8 in Stealth
  2050 | D:4      | Reached XP level 5. HP: 7/34 MP: 5/5
  2334 | D:4      | Noticed a phantom
  2399 | D:5      | Entered Level 5 of the Dungeon
  2610 | D:5      | Noticed a centaur
  2617 | D:5      | Killed a centaur
  2646 | D:5      | Reached XP level 6. HP: 22/40 MP: 6/6
  2681 | D:5      | Reached skill level 9 in Stealth
  2685 | D:5      | Slain by a gnoll

Skill      XL: |  1  2  3  4  5  6 |
---------------+-------------------+-----
Stealth        | 6 7 8 9 |  9.0
Fighting       | |  2.3
Short Blades   | |  2.4
Throwing       | |  2.2
Dodging        | |  1.9

Action                   |  1- 3 |  4- 6 || total
-------------------------+-------+-------++-------
Melee: Dagger            |    50 |    75 ||   125
       Constrict         |    10 |    10 ||    20
       Tentacles         |     8 |    12 ||    20
  Use: Scroll            |       |     4 ||     4
 Stab: Sleeping          |    12 |    10 ||    22
       Distracted        |       |     1 ||     1
  Eat: Chunk             |       |     2 ||     2
       Meat ration       |       |     1 ||     1
Armor: Skin              |     1 |     2 ||     3
Dodge: Dodged            |    21 |    30 ||    51
